 Dungeon Crawl Stone Soup version 0.23.0-3-gf3c87f2 (webtiles) character file.

Game seed: 9965496080007406355

23 Borgoz the Skirmisher (level 3, -2/32 (33) HPs)
             Began as a Ghoul Monk on Feb 22, 2019.
             Slain by an orc
             ... wielding a +0 falchion
              (6 damage)
             ... on level 2 of the Dungeon.
             The game lasted 00:01:29 (1335 turns).

Borgoz the Skirmisher (Ghoul Monk)                  Turns: 1335, Time: 00:01:30

HP:   -2/32 (33)    AC:  2    Str: 14    XL:     3   Next: 0%
MP:   2/2           EV: 13    Int:  6    God:
Gold: 114           SH:  0    Dex: 11    Spells: 2/2 levels left

rFire    . . .     SeeInvis .   a - +0 short sword
rCold    + . .     Gourm    .   (no shield)
rNeg     + + +     Faith    .   b - +0 robe
rPois    ∞         Spirit   .   (no helmet)
rElec    .         Reflect  .   (no cloak)
rCorr    .         Harm     .   (no gloves)
MR       .....                  (no boots)
Stlth    ++........             (no amulet)
HPRegen  0.00/turn              (no ring)
MPRegen  0.08/turn              (no ring)

@: rotting
A: rotting body, claws 1, carnivore, cold resistance 1, negative energy
resistance 3, inhibited regeneration, torment resistance, unbreathing
a: no special abilities


You were on level 2 of the Dungeon.
You were not hungry.

You visited 1 branch of the dungeon, and saw 3 of its levels.

You collected 114 gold pieces.

Inventory:

Hand Weapons
 a - a +0 short sword (weapon)
Armour
 b - a +0 robe (worn)
Jewellery
 k - a +4 ring of intelligence {unknown}
Scrolls
 d - a scroll of random uselessness {unknown}
 e - a scroll of identify {unknown}
 f - a scroll of enchant weapon {unknown}
 h - 2 scrolls of teleportation {unknown}
 j - a scroll of blinking {unknown}
 l - a scroll of fog {unknown}
Potions
 g - a potion of ambrosia {unknown}
 i - a potion of curing {unknown}
Comestibles
 c - 2 rations


   Skills:
 + Level 3.7 Fighting
 + Level 3.1 Short Blades
 + Level 2.9 Dodging
 + Level 2.2 Stealth


You had 2 spell levels left.
You didn't know any spells.
Your spell library was empty.

Dungeon Overview and Level Annotations

Branches:
Dungeon (3/15)

Altars:
Dithmenos
Elyvilon
Kikubaaqudgha
Makhleb
Okawaru
Ru
Vehumet
Xom


Innate Abilities, Weirdness & Mutations

Your body is rotting away.
You thrive on raw meat.
You are immune to poison.
You have sharp fingernails.
You are carnivorous and can eat meat at any time.
Your flesh is cold resistant. (rC+)
You are immune to negative energy. (rN+++)
You do not regenerate when monsters are visible.
You are immune to unholy pain and torment.
You can survive without breathing.


Message History

The orc priest mumbles some strange prayers to Beogh against you.
Beogh smites you! The orc barely misses you.
Found 14 arrows.
The orc priest mumbles some strange prayers to Beogh against you.
Beogh smites you! The orc misses you.
The orc priest looks braver for a moment.
There is a stone staircase leading up here.
The orc hits you with a +0 falchion.
* * * LOW HITPOINT WARNING * * *
You climb upwards.
There is a stone staircase leading down here.
You are too injured to fight recklessly!
You hit the orc but do no damage. The orc barely misses you.
You closely miss the orc. The orc hits you but does no damage.
You hit the orc but do no damage. The orc barely misses you.
You hit the orc but do no damage. The orc hits you with a +0 falchion.
* * * LOW HITPOINT WARNING * * *
You barely miss the orc. The orc hits you with a +0 falchion.
You die...

#..#.....###)##.#...# #.....#
##..#...### #.#......# #.....#
........#####....##+#####.....###
#######.....##...................
#####.##............###....
########...............# #....
#......#####...........# #####
#......'...............#
#......#.###.@.........#
########...##o.........#
###.##..........# #.............#
#####.........# #.........#
###########


You could see an orc.

Vanquished Creatures
  3 bats
  A giant cockroach (D:3)
  5 hobgoblins
  2 jackals (D:1)
  7 kobolds
  3 rats (D:1)
21 creatures vanquished.

Notes
Turn   | Place    | Note
-------+----------+-------------------------------------------
     0 | D:1      | Borgoz the Ghoul Monk began the quest for the Orb.
     0 | D:1      | Reached XP level 1. HP: 19/19 MP: 0/0
   139 | D:1      | Reached XP level 2. HP: 6/26 MP: 1/1
   786 | D:2      | Found a burning altar of Makhleb.
   787 | D:2      | Found a sacrificial altar of Ru.
   790 | D:2      | Found a radiant altar of Vehumet.
   790 | D:2      | Found an ancient bone altar of Kikubaaqudgha.
   882 | D:2      | Found a white marble altar of Elyvilon.
  1042 | D:2      | Found a shadowy altar of Dithmenos.
  1165 | D:2      | Found an iron altar of Okawaru.
  1166 | D:2      | Found a shimmering altar of Xom.
  1313 | D:3      | Reached XP level 3. HP: 32/32 MP: 2/2
  1335 | D:2      | Slain by an orc

Skill      XL: |  1  2 |
---------------+-------+-----
Short Blades   | 3 |  3.1
Fighting       | |  3.7
Dodging        | |  2.9
Stealth        | |  2.2

Action                   || total
-------------------------++-------
Melee: Short sword       ||    86
  Use: Potion            ||     1
 Stab: Sleeping          ||     1
  Eat: Chunk             ||     9
Armor: Robe              ||    12
Dodge: Dodged            ||    53
